 Dungeon Crawl Stone Soup version 0.20.1-1-g8b1a95d (webtiles) character file.

235 QuCean the Covered (level 5, -1/47 HPs)
             Began as a Minotaur Fighter on Oct 18, 2017.
             Slain by an orc warrior
             ... wielding a +0 trident
              (6 damage)
             ... on level 4 of the Dungeon.
             The game lasted 00:09:39 (2166 turns).

QuCean the Covered (Minotaur Fighter)               Turns: 2166, Time: 00:09:45

Health: -1/47      AC:  7    Str: 22    XL:     5   Next: 76%
Magic:  4/4        EV:  8    Int:  5    God:
Gold:   154        SH:  9    Dex:  9    Spells: 4/4 levels left

rFire    . . .     SeeInvis .   a - +0 war axe
rCold    . . .     Gourm    .   c - +0 shield
rNeg     . . .     Faith    .   b - +0 scale mail
rPois    .         Spirit   .   (helmet restricted)
rElec    .         Reflect  .   (no cloak)
rCorr    .         Harm     .   (no gloves)
MR       .....                  (no boots)
Stlth    ..........             j - amulet of regeneration
Regen    0.6/turn               (no ring)
MPRegen  0.1/turn               (no ring)

@: no status effects
A: retaliatory headbutt, horns 2
a: no special abilities


You were on level 4 of the Dungeon.
You were not hungry.

You visited 1 branch of the dungeon, and saw 4 of its levels.

You collected 154 gold pieces.

Inventory:

Hand Weapons
 a - a +0 war axe (weapon)
Armour
 b - a +0 scale mail (worn)
 c - a +0 shield (worn)
Jewellery
 j - an amulet of regeneration (around neck)
 o - a cursed ring of loudness {unknown}
Scrolls
 h - a scroll of amnesia {unknown}
 l - a scroll of recharging {unknown}
 r - 3 scrolls of identify {unknown}
 w - a scroll of teleportation {unknown}
 x - a scroll of remove curse {unknown}
 y - a scroll of magic mapping {unknown}
Potions
 d - a potion of might
 e - a potion of flight {unknown}
 g - 3 potions of haste {unknown}
 k - a potion of agility {unknown}
 m - 2 potions of invisibility {unknown}
 n - 3 potions of curing {unknown}
 p - a potion of cancellation {unknown}
 q - a potion of mutation {unknown}
 t - a potion of lignification {unknown}
 v - a potion of ambrosia {unknown}
Books
 z - a book of Cantrips

   Spells                             Type                      Level
   a - Confusing Touch                Hexes                        1
   b - Animate Skeleton               Necromancy                   1
   c - Summon Small Mammal            Summoning                    1
   d - Apportation                    Translocation                1
Comestibles
 f - 3 bread rations
 i - 4 royal jellies
 s - a fruit
 u - 2 chunks of flesh


   Skills:
 + Level 4.4 Fighting
 + Level 4.7 Axes
 + Level 4.8 Armour
 + Level 1.0 Dodging
 + Level 0.1 Stealth
 + Level 4.8 Shields


You had 4 spell levels left.
You didn't know any spells.

Dungeon Overview and Level Annotations

Branches:
Dungeon (4/15)
 Temple: D:4-7

Altars:
Yredelemnul


Innate Abilities, Weirdness & Mutations

You reflexively headbutt those who attack you in melee.
You have a pair of horns on your head.


Message History

The orc warrior is moderately wounded.
You block the orc warrior's attack.
You hit the orc warrior.
The orc warrior is heavily wounded.
The orc warrior hits you with a trident!
* * * LOW HITPOINT WARNING * * *
The orc priest calls down the wrath of Beogh upon you.
Beogh smites you!
* * * LOW HITPOINT WARNING * * *
You barely miss the orc warrior.
The orc warrior is heavily wounded.
You block the orc warrior's attack.
You closely miss the orc warrior.
The orc warrior is heavily wounded.
The orc priest begins to cast a cantrip, but forgets the words!
You block the orc warrior's attack.
The orc wizard mumbles some strange words.
The orc wizard blinks!
The orc warrior hits you with a trident.
You die...

#.# #.#.## ##.##
#.# #.#.# #.# #.#
#.#.# #.# #.# #.#.#
#.# #.# #.#.# #.#
#<#.# #.###.#.#
#...<...#######o###
#####......@oo{l§..
###########.... #


You could see an orc warrior, an orc priest, an orc and a frilled lizard.

Vanquished Creatures
  A hound (D:4)
  A centaur skeleton (D:4)
  Terence (D:2)
  A worker ant (D:4)
  3 adders
  An ooze (D:3)
  5 dart slugs
  2 leopard geckos
  An orc (D:3)
  A ball python (D:1)
  6 bats
  3 giant cockroaches
  10 goblins
  7 hobgoblins
  16 jackals
  2 quokkas
  4 frilled lizards
  9 kobolds
  7 rats
81 creatures vanquished.

Notes
Turn   | Place    | Note
-------+----------+-------------------------------------------
     0 | D:1      | QuCean the Minotaur Fighter began the quest for the Orb.
     0 | D:1      | Reached XP level 1. HP: 19/19 MP: 0/0
    92 | D:1      | Reached XP level 2. HP: 21/27 MP: 1/1
   454 | D:1      | Reached XP level 3. HP: 33/33 MP: 2/2
   731 | D:2      | Noticed Terence
   745 | D:2      | Killed Terence
   842 | D:2      | Reached XP level 4. HP: 40/40 MP: 3/3
  1148 | D:2      | Found a basalt altar of Yredelemnul.
  1824 | D:4      | Reached XP level 5. HP: 46/46 MP: 4/4
  1955 | D:4      | Reached skill level 1 in Dodging
  2154 | D:4      | Noticed an orc warrior
  2166 | D:4      | Slain by an orc warrior

Skill      XL: |  1  2  3  4  5 |
---------------+----------------+-----
Armour         | 4 |  4.8
Shields        | 4 |  4.8
Axes           | 3 4 |  4.7
Fighting       | 4 |  4.4
Dodging        | 1 |  1.0
Stealth        | |  0.1

Action                   |  1- 3 |  4- 6 || total
-------------------------+-------+-------++-------
Melee: War axe           |    61 |   110 ||   171
       Headbutt          |     7 |    14 ||    21
  Eat: Chunk             |       |     3 ||     3
       Fruit             |       |     1 ||     1
Armor: Scale mail        |    46 |    61 ||   107
Dodge: Dodged            |    22 |    42 ||    64
Block: Shield            |    46 |    86 ||   132
